 Dungeon Crawl Stone Soup version 0.22.0-60-ga52c2fc (webtiles) character file.

2564 shmeve the Skirmisher (level 9, -9/86 HPs)
             Began as a Naga Berserker on Sept 10, 2018.
             Was an Elder of Trog.
             Mangled by a cyclops (12 damage)
             ... while paralysed
             ... on level 8 of the Dungeon.
             The game lasted 00:12:42 (6758 turns).

shmeve the Skirmisher (Naga Berserker)              Turns: 6758, Time: 00:12:43

Health: -9/86      AC: 11    Str: 24      XL:     9   Next: 57%
Magic:  9/9        EV:  1    Int:  7      God:    Trog [****..]
Gold:   366        SH:  0    Dex:  0 (10) Spells: 8/8 levels left

rFire    . . .     SeeInvis +   I - +0 battleaxe
rCold    . . .     Gourm    .   (shield currently unavailable)
rNeg     + . .     Faith    .   q - +0 ring mail
rPois    +         Spirit   .   z - +2 helmet
rElec    .         Reflect  .   B - +0 cloak
rCorr    .         Harm     +   y - +0 pair of gloves {archery}
MR       +....                  (no barding)
Stlth    ..........             G - amulet of harm
HPRegen  0.24/turn              D - ring of positive energy
MPRegen  0.11/turn              (no ring)

@: paralysed, berserk cooldown, slowed, lost dexterity, very slow
A: large, see invisible, deformed body, poison resistance, slowness 2, slow
metabolism 1, spit poison 1, AC +3
a: Spit Poison, Berserk, Trog's Hand, Brothers in Arms, Renounce Religion


You were on level 8 of the Dungeon.
You worshipped Trog.
Trog was greatly pleased with you.
You were not hungry.

You visited 1 branch of the dungeon, and saw 8 of its levels.

You collected 366 gold pieces.

Inventory:

Hand Weapons
 r - a +2 hand axe of venom
 I - a +0 battleaxe (weapon)
Armour
 q - a +0 ring mail (worn)
 y - a +0 pair of gloves of archery (worn)
 z - a +2 helmet (worn)
 B - a +0 cloak (worn)
Jewellery
 D - a ring of positive energy (left hand)
 G - an amulet of harm (around neck)
Wands
 H - a wand of random effects (27)
Scrolls
 d - 2 scrolls of enchant weapon {unknown}
 e - 10 scrolls of remove curse {unknown}
 h - a scroll of enchant armour {unknown}
 l - a scroll of magic mapping {unknown}
 m - 3 scrolls of teleportation {unknown}
 o - 2 scrolls of amnesia {unknown}
 p - 5 scrolls of identify {unknown}
 s - a scroll of immolation {unknown}
 t - a scroll of random uselessness {unknown}
 u - 2 scrolls of fog {unknown}
 C - 3 scrolls of noise {unknown}
 E - a scroll of acquirement {unknown}
 F - 2 scrolls of fear {unknown}
Potions
 a - a potion of heal wounds {unknown}
 b - a potion of might {unknown}
 f - 2 potions of agility {unknown}
 g - a potion of flight {unknown}
 i - 3 potions of haste {unknown}
 j - a potion of berserk rage {unknown}
 k - 6 potions of curing {unknown}
 n - a potion of ambrosia {unknown}
 v - 2 potions of lignification {unknown}
 w - a potion of degeneration {unknown}
 x - a potion of brilliance {unknown}
 A - 2 potions of mutation {unknown}
 J - 2 potions of cancellation {unknown}
Comestibles
 c - 13 rations


   Skills:
 * Level 7.0 Fighting
 * Level 7.0 Axes
 + Level 3.9 Armour
 * Level 5.5 Dodging
 + Level 6.6 Stealth


You had 8 spell levels left.
You didn't know any spells.
Your spell library was empty.

Dungeon Overview and Level Annotations

Branches:
Dungeon (8/15)             Temple (0/1) D:6
   Lair: D:8-11

Altars:
Ashenzari
Vehumet
Zin

Shops:
D:7 :


Innate Abilities, Weirdness & Mutations

You cannot wear boots.
Your serpentine skin is tough. (AC +3)
You have supernaturally acute eyesight. (SInv)
Armour fits poorly on your strangely shaped body.
Your system is resistant to poisons. (rPois)
You cover ground very slowly.
You have a slow metabolism.
You can spit poison.


Message History

You feel yourself speed up.
The quasit bites you but does no damage.
The quasit barely misses you.
The quasit claws you but does no damage.
The cyclops barely misses you. The ice beast closely misses you.
The quasit bites you but does no damage.
The quasit claws you but does no damage.
The quasit barely misses you. The cyclops closely misses you.
The ice beast hits you but does no damage.
You barely miss the quasit. You closely miss the ice beast.
Your ring mail prevents you from hitting the cyclops.
The quasit bites you.
* * * LOW HITPOINT WARNING * * *
You feel clumsy.
You have lost your dexterity.
The quasit claws you but does no damage. x2
The quasit bites you but does no damage.
The quasit claws you but does no damage. x2
The ice beast hits you but does no damage.
The cyclops hits you!
You die...

#.# #.## ... #
... .## ##.##
... .t.
#####.##5#
.?....)C@#####..
.......()Y.....#
##.##.##(.####.#
#.# #.(#
#...##..# #....#
#.#.#####..
###.#....?..# #
#......####.#


You could see a cyclops, a crocodile, an ice beast and a quasit.

Vanquished Creatures
  A water moccasin (D:7)
  2 orc warriors
  2 ice beasts
  2 sky beasts (D:7)
  A necrophage (D:6)
  A phantom (D:4)
  An eye of draining (D:6)
  3 ogres
  A centaur (D:8)
  3 bullfrogs
  2 scorpions (D:6)
  A howler monkey (D:6)
  3 crimson imps
  A centaur zombie (D:7)
  A bullfrog zombie (D:6)
  4 hounds
  2 jellies
  Crazy Yiuf (D:3)
  A bullfrog skeleton (D:8)
  A centaur skeleton (D:5)
  3 orc priests
  2 orc wizards (D:8)
  An iguana (D:5)
  4 worker ants
  Terence (D:2)
  2 hound zombies
  A howler monkey zombie (D:6)
  A worker ant zombie (D:7)
  Robin (D:3)
  2 howler monkey skeletons
  6 adders
  3 shadow imps
  An ooze (D:3)
  An adder skeleton (D:4)
  2 dart slugs (D:2)
  2 leopard geckos
  20 orcs
  3 ball pythons
  9 giant cockroaches
  9 goblins
  10 hobgoblins
  4 jackals (D:4)
  2 kobolds (D:3)
  2 quokkas
  5 bats
  5 frilled lizards
  A jackal skeleton (D:8)
  A leopard gecko skeleton (D:7)
  A quokka skeleton (D:3)
  14 rats
  3 fungi (D:3)
156 creatures vanquished.

Notes
Turn   | Place    | Note
-------+----------+-------------------------------------------
     0 | D:1      | shmeve the Naga Berserker began the quest for the Orb.
     0 | D:1      | Reached XP level 1. HP: 21/21 MP: 1/1
   276 | D:1      | Reached XP level 2. HP: 19/28 MP: 2/2
  1080 | D:2      | Reached skill level 1 in Stealth
  1135 | D:2      | Reached XP level 3. HP: 32/34 MP: 3/3
  1562 | D:2      | Noticed Terence
  1568 | D:2      | Killed Terence
  1684 | D:2      | Reached XP level 4. HP: 38/42 MP: 4/4
  2000 | D:3      | Found a shattered altar of Ashenzari.
  2102 | D:3      | Reached ** piety under Trog
  2493 | D:3      | Noticed Robin
  2504 | D:3      | Killed Robin
  2504 | D:3      | Reached XP level 5. HP: 50/50 MP: 5/5
  2647 | D:3      | Found a runed door.
  2651 | D:3      | Noticed Crazy Yiuf
  2662 | D:3      | Killed Crazy Yiuf
  2844 | D:4      | Reached XP level 6. HP: 38/57 MP: 6/6
  3063 | D:4      | Found a radiant altar of Vehumet.
  3218 | D:4      | Noticed a phantom
  3269 | D:4      | Killed a phantom
  3505 | D:4      | Reached XP level 7. HP: 65/66 MP: 7/7
  3929 | D:5      | Entered Level 5 of the Dungeon
  3978 | D:5      | Reached skill level 5 in Fighting
  4147 | D:5      | Reached skill level 5 in Axes
  4546 | D:5      | Found a glowing silver altar of Zin.
  4849 | D:6      | Reached XP level 8. HP: 65/74 MP: 8/8
  4861 | D:6      | Found a staircase to the Ecumenical Temple.
  4889 | D:6      | Reached *** piety under Trog
  5058 | D:6      | Reached skill level 5 in Stealth
  5434 | D:6      | Reached XP level 9. HP: 82/84 MP: 9/9
  5468 | D:6      | Reached skill level 5 in Dodging
  6009 | D:7      | Found Xeumaon's Book Boutique.
  6036 | D:7      | Reached **** piety under Trog
  6742 | D:8      | Noticed a cyclops
  6756 | D:8      | HP: 4/86 [quasit (2)]
  6758 | D:8      | Lost dexterity.
  6758 | D:8      | Mangled by a cyclops

Skill      XL: |  1  2  3  4  5  6  7  8  9 |
---------------+----------------------------+-----
Stealth        | 1 2 3 4 5 6 |  6.6
Dodging        | 2 3 4 5 |  5.5
Armour         | 2 3 |  3.9
Fighting       | 4 5 6 7 |  7.0
Axes           | 4 5 6 7 |  7.0

Action                   |  1- 3 |  4- 6 |  7- 9 || total
-------------------------+-------+-------+-------++-------
Melee: Hand axe          |    81 |   135 |   127 ||   343
       Battleaxe         |       |       |   109 ||   109
Invok: Berserk           |     1 |     3 |     4 ||     8
       Trog's Hand       |       |       |     1 ||     1
 Abil: Spit Poison       |     1 |     8 |    15 ||    24
 Stab: Sleeping          |       |     1 |     4 ||     5
  Eat: Chunk             |     1 |     8 |    10 ||    19
       Ration            |       |     1 |     1 ||     2
Armor: Animal skin       |     6 |       |       ||     6
       Ring mail         |    32 |    70 |   232 ||   334
Dodge: Dodged            |    60 |    64 |   199 ||   323
